 Dungeon Crawl Stone Soup version 0.18.1-47-g9310371 (webtiles) character file.

476 Peloso the Covered (level 6, -15/53 HPs)
             Began as a Minotaur Fighter on June 14, 2016.
             Was a Follower of Okawaru.
             Demolished by an orc warrior
             ... wielding a +0 trident
              (21 damage)
             ... on level 5 of the Dungeon.
             The game lasted 00:11:50 (3698 turns).

Peloso the Covered (Minotaur Fighter)               Turns: 3698, Time: 00:11:50

Health: -15/53     AC:  7    Str: 21    XL:     6   Next: 84%
Magic:  5/5        EV:  9    Int:  5    God:    Okawaru [*.....]
Gold:   268        SH:  0    Dex: 11    Spells: 0 memorised, 5 levels left

rFire  . . .     SeeInvis .     a - +0 long sword
rCold  . . .     Gourm    .     q - +0 scale mail (curse)
rNeg   . . .     Faith    .     c - +0 shield
rPois  .         Spirit   .     (helmet restricted)
rElec  .         Dismiss  .     (no cloak)
rCorr  .         Reflect  +     (no gloves)
SustAt .         Harm     .     (no boots)
MR     .....                    g - +3 amulet of reflection
Stlth  ..........               (no ring)
                                (no ring)

@: confused, not resistant to hostile enchantments, extremely unstealthy
A: retaliatory headbutt, horns 2
a: Heroism, Renounce Religion


You were on level 5 of the Dungeon.
You worshipped Okawaru.
Okawaru was aware of your devotion.
You were hungry.

You visited 2 branches of the dungeon, and saw 6 of its levels.

You collected 268 gold pieces.

Inventory:

Hand Weapons
 a - a +0 long sword (weapon)
 E - a +2 rapier of venom
Armour
 b - a +0 scale mail
 c - a +0 shield (worn)
 q - a cursed +0 scale mail (worn)
Jewellery
 g - a +3 amulet of reflection (around neck)
 p - an uncursed ring of sustain attributes {unknown}
Scrolls
 e - 2 scrolls of remove curse {unknown}
 k - 2 scrolls of magic mapping {unknown}
 l - 3 scrolls of random uselessness {unknown}
 m - a scroll of noise {unknown}
 r - 2 scrolls of recharging {unknown}
 t - 7 scrolls of identify {unknown}
 w - 2 scrolls of teleportation {unknown}
 y - a scroll of amnesia {unknown}
 C - a scroll of fear {unknown}
 D - a scroll of enchant weapon {unknown}
Potions
 d - 2 potions of might
 i - a potion of degeneration {unknown}
 n - a potion of resistance {unknown}
 o - 2 potions of brilliance {unknown}
 s - 2 potions of heal wounds {unknown}
 v - a potion of invisibility {unknown}
 x - a potion of cure mutation {unknown}
 z - a potion of curing {unknown}
 A - a potion of mutation {unknown}
 B - a potion of magic {unknown}
Comestibles
 f - 4 bread rations
 h - 2 royal jellies
 j - 4 beef jerkies
 u - 4 meat rations


   Skills:
 + Level 4.6 Fighting
 + Level 3.4 Long Blades
 + Level 5.8 Armour
 + Level 3.5 Dodging
 + Level 0.3 Stealth
 + Level 5.7 Shields


You had 5 spell levels left.
You didn't know any spells.

Dungeon Overview and Level Annotations

Branches:
Dungeon (5/15)             Temple (1/1) D:4

Altars:
Ashenzari
Cheibriados
Dithmenos
Elyvilon
Fedhas
Gozag
Kikubaaqudgha
Makhleb
Nemelex Xobeh
Okawaru
Pakellas
Qazlal
Ru
Sif Muna
Trog
Vehumet
Xom
Yredelemnul
Zin
The Shining One


Innate Abilities, Weirdness & Mutations

You reflexively headbutt those who attack you in melee.
You have a pair of horns on your head.


Message History

Something hits you but does no damage.
You hear some strange, mumbled words.
You are confused.
You bump into the rock wall.
You hear some strange, mumbled words.
Something tries to affect you, but you resist.
You closely miss something.
The orc warrior hits you from afar with a trident!
You hear some strange, mumbled words.
You are more confused.
You bump into the rock wall.
Something hits you but does no damage. The orc warrior barely misses you.
You closely miss something. Your headbutt misses something.
Something hits you but does no damage.
The orc warrior hits you from afar with a trident!!
* * * LOW HITPOINT WARNING * * *
You barely miss something. Your headbutt misses something.
Something hits you but does no damage.
The orc warrior hits you from afar with a trident!!
You die...

#. ### #.# #.# #.# #.# #.#
#.# #.# #<######## #.# #.#
#.........
##.###.########.######## .
..........{@.......[...
#.#####.#.....o###...#######
........#......# #...#
........'....o.# #...#
#####.###......###...#####
#..##............#...#
##.##.......#..##..#.#
#..#.......#......#.#
##.##......##....##.#


You could see an orc warrior.

Vanquished Creatures
  Sigmund (D:5)
  A phantom (D:4)
  A howler monkey (D:4)
  2 worker ants (D:4)
  7 adders
  An adder skeleton (D:4)
  2 worms (D:2)
  3 dart slugs
  7 giant geckos
  7 giant cockroaches
  9 hobgoblins
  2 jackals
  7 bats
  7 giant newts
  4 goblins
  4 kobolds
  A quokka skeleton (D:4)
  4 rats (D:1)
70 creatures vanquished.

Vanquished Creatures (others)
  A giant newt (D:1)
1 creature vanquished.

Grand Total: 71 creatures vanquished

Notes
Turn   | Place    | Note
--------------------------------------------------------------
     0 | D:1      | Peloso the Minotaur Fighter began the quest for the Orb.
     0 | D:1      | Reached XP level 1. HP: 19/19 MP: 0/0
    67 | D:1      | Reached XP level 2. HP: 27/27 MP: 1/1
   750 | D:2      | Reached XP level 3. HP: 33/33 MP: 2/2
   984 | D:2      | Found a shattered altar of Ashenzari.
   984 | D:2      | Found a blossoming altar of Fedhas.
   985 | D:2      | Found a sacrificial altar of Ru.
  1050 | D:2      | Reached XP level 4. HP: 41/41 MP: 3/3
  1314 | D:2      | Reached skill level 1 in Dodging
  2068 | D:3      | Found an opulent altar of Gozag.
  2386 | D:4      | Reached XP level 5. HP: 46/47 MP: 4/4
  2421 | D:4      | Found a staircase to the Ecumenical Temple.
  2542 | Temple   | Entered the Ecumenical Temple
  2626 | Temple   | Became a worshipper of Warmaster Okawaru
  2800 | D:4      | Noticed a phantom
  2865 | D:4      | Killed a phantom
  2865 | D:4      | Reached skill level 5 in Armour
  2865 | D:4      | Reached skill level 5 in Shields
  2948 | D:4      | Reached XP level 6. HP: 52/53 MP: 5/5
  3316 | D:5      | Entered Level 5 of the Dungeon
  3502 | D:5      | Noticed Sigmund
  3513 | D:5      | Killed Sigmund
  3513 | D:5      | Reached * piety under Okawaru
  3644 | D:5      | Noticed an orc warrior
  3698 | D:5      | Demolished by an orc warrior

Skill      XL: |  1  2  3  4  5  6 |
---------------+-------------------+-----
Shields        | 4 5 |  5.7
Armour         | 4 5 |  5.8
Fighting       | 4 |  4.6
Dodging        | 2 3 |  3.5
Long Blades    | 3 |  3.4
Stealth        | |  0.3

Action                   |  1- 3 |  4- 6 || total
-------------------------+-------+-------++-------
Melee: Long sword        |    68 |   136 ||   204
       Headbutt          |     8 |    14 ||    22
  Use: Potion            |       |     1 ||     1
  Eat: Chunk             |     1 |     7 ||     8
Armor: Scale mail        |    22 |    66 ||    88
Dodge: Dodged            |    22 |    41 ||    63
Block: Shield            |    43 |    94 ||   137
       Reflection        |       |     2 ||     2
